woodfighter, chaotic female elven Rogue ----- |...| -------- |<..-# +......| |...|# |......| -----# .......| ### |..%@.>| ##### .......| ###-+- - |......| #.^... -------- |...| |...| ----- woodfighter the Rogue Experience level: 7 Strength: 17 Dexterity: 17 Constitution: 15 Intelligence: 12 Wisdom: 9 Charisma: 7 Health: 0(41) Energy: 24(24) Def: 9 Gold: 0 Moves: 5771 Dungeon seed: VDisERhoTOUARniW Game ID: woodfighter_1515887037 Your Inventory: Weapons a - a blessed +2 elven spear named Spear of Glory (weapon in hand) b - 14 +0 elven daggers (in quiver) Armor e - an uncursed +1 leather armor (being worn) n - a blessed +0 pair of elven boots (being worn) q - an uncursed +0 cloak of displacement r - an uncursed +0 elven shield (being worn) N - an uncursed +0 dwarvish cloak S - an uncursed +0 dwarvish cloak (being worn) Y - an uncursed +0 dwarvish cloak Z - an uncursed +0 orcish helm (being worn) Comestibles h - 4 uncursed tripe rations j - a cursed tin of Mordor orc meat u - an uncursed fortune cookie z - an uncursed apple E - 2 uncursed magic beans I - 2 uncursed sprigs of wolfsbane L - an uncursed lichen corpse P - 4 uncursed food rations Rings d - an uncursed +3 ring of protection (on left hand) Wands m - a wand of teleportation (0:6) G - a wand of digging (0:3) Tools g - an uncursed blindfold s - an uncursed bag of holding y - an uncursed lock pick Contents of the bag of holding: 14 gold pieces a [blessed] scroll of remove curse a [uncursed] scroll of remove curse a [uncursed] potion of extra healing a [uncursed] potion of restore ability an uncursed [+0] pick-axe a [uncursed] tallow candle [0:200] Spells and supernatural/magical abilities: Name Level Category Fail Memory W - pray for help -- divine ? -- Your skills at the end: Miscellaneous Skills wands [Basic] Weapon Skills dagger [Basic] short sword [Basic] spear [Basic] Spellcasting Skills Final Attributes: You were piously aligned. You were sleep resistant. Your writing hand was a little cramped from use. You saw invisible. You were telepathic. You had infravision. You were stealthy. You were protected. You were fast. You are dead. Vanquished creatures: 2 giant mimics a quantum mechanic a tengu a wolf 3 gnome kings a dingo a dust vortex 3 human zombies 5 Mordor orcs a rock piercer 6 gnome lords 2 gnomish wizards a red naga hatchling a black naga hatchling a guardian naga hatchling 2 gray oozes 2 giant ants 2 puppies 4 floating eyes 7 dwarves 2 kobold lords an iguana 4 hill orcs 3 rothes a centipede a jitterbug 2 giant bats 3 orc zombies 2 wererats 2 coyotes 2 gas spores a hobbit 3 large kobolds 7 geckos 3 hobgoblins 5 giant rats 3 cave spiders a yellow mold a green mold 25 gnomes 3 gnome zombies 9 jackals 4 kobolds 8 newts 6 goblins 11 sewer rats 15 grid bugs 11 lichens 2 kobold zombies 188 creatures vanquished. Genocided species: disenchanters 1 species genocided. Voluntary challenges: You were not invisible. You did not have reflection. You were not displaced. You used a wielded weapon 257 times, starting on turn 2. You did not apply a unicorn horn. You did not use plumbed fixtures. You did not drink any magical draughts. You read items or engraved 1 time, starting on turn 2337. You genocided 1 type of monster, starting on turn 2758. You never polymorphed an object. You never changed form. You cheated 4 times but completed Sokoban on turn 4708. You used no wishes. You never split a pudding. You never wrote Elbereth's name. You violated your moral code, losing 3 points of alignment, starting on turn 2928. Dungeon overview: The Dungeons of Doom: levels 1 to 7 Level 1 an altar to Kos, some fountains a long staircase Level 2 a fountain Level 3 (vault) a fountain stairs to The Gnomish Mines Level 4 Level 5 many fountains Level 6 an altar to Issek stairs to Sokoban Level 7 The Gnomish Mines: levels 4 to 8 Level 4 stairs to The Dungeons of Doom Level 5 Level 6 <- You were here Level 7 Level 8 Sokoban: levels 2 to 5 Level 2 a magic chest Level 3 a sink Level 4 Level 5 an altar to Mog, a magic chest stairs to The Dungeons of Doom History has recorded: On T:1 you entered the Dungeons of Doom to retrieve the Amulet of Yendor! On T:135 you reached level 2 of The Dungeons of Doom. On T:446 you reached level 3 of The Dungeons of Doom. On T:802 you advanced to experience level 2. On T:900 you advanced to experience level 3. On T:1659 you reached level 5 of The Dungeons of Doom. On T:1888 you advanced to experience level 4. On T:1931 you reached level 6 of The Dungeons of Doom. On T:2084 you advanced to experience level 5. On T:2279 you reached level 4 of Sokoban. On T:2334 you opened a magic chest. On T:2520 you reached level 7 of The Dungeons of Doom. On T:2560 you advanced to experience level 6. On T:2881 you reached level 1 of The Gnomish Mines. On T:3003 you reached level 2 of The Gnomish Mines. On T:3487 you reached level 3 of Sokoban. On T:3903 you reached level 2 of Sokoban. On T:4254 you reached level 1 of Sokoban. On T:4269 you advanced to experience level 7. On T:4708 you entered the Sokoban zoo. On T:5281 you reached level 3 of The Gnomish Mines. On T:5524 you reached level 4 of The Gnomish Mines. On T:5562 you reached level 5 of The Gnomish Mines. Score breakdown: Gold: 14 ( 1 points) Experience: 7 levels ( 600 points) Exploration: 8 levels ( 210 points) Discoveries: 21 items ( 1050 points) Variety of kills: 49 monsters ( 2000 points) Major goal: finished Sokoban ( 1000 points) Survival: died (score multiplied by 3) Total score: 14583 Latest messages: You kill the gnome lord! You stop exploring. You jab the wolf! (2x) The wolf bites! You jab the wolf! The wolf bites! You kill the wolf! You kill the gnome! There are several objects here. You jab the gnome. You kill the gnome! You see here a studded leather armor. There are several objects here. You see here a wolf corpse. You stop exploring. (4x) You are carrying too much to get through. You stop exploring. You see here 2 black gems. You stop exploring. (2x) You see here a leash. You stop exploring. (2x) The gnome zaps a wand of speed monster, which suddenly explodes! The gnome is caught in the magical blast! The gnome is killed! The gnome is caught in the magical blast! The gnome is killed! You are caught in the magical blast! Final status: Goodbye woodfighter the Rogue, killed by a magical blast... You died in The Gnomish Mines on dungeon level 6 with 14583 points, and 14 pieces of gold, after 5771 moves. You were level 7 with a maximum of 41 hit points when you died.